 Dungeon Crawl Stone Soup version 0.29-a0-72-g1732ff48e7 (webtiles) character file.

Game seed: 7692761787249629103

72 Armakuni the Skirmisher (level 4, 0/35 HPs)
             Began as a Human Wanderer on Feb 3, 2022.
             Slain by an orc (1 damage)
             ... on level 2 of the Dungeon.
             The game lasted 00:08:02 (3717 turns).

Armakuni the Skirmisher (Human Wanderer)            Turns: 3717, Time: 00:08:02

Health: 0/35       AC:  2    Str: 10    XL:     4   Next: 48%
Magic:  0/5        EV: 12    Int: 16    God:
Gold:   138        SH:  0    Dex: 13    Spells: 3/5 levels left

rFire   + . .      SeeInvis .   a - staff of fire
rCold   . . .      Faith    .   (no shield)
rNeg    . . .      Spirit   .   b - +0 robe
rPois   .          Reflect  .   (no helmet)
rElec   .          Harm     .   (no cloak)
rCorr   .          Rampage  .   (no gloves)
Will    .....                   (no boots)
Stlth   +.........              (no amulet)
HPRegen 0.11/turn               (no ring)
MPRegen 0.09/turn               (no ring)

@: no status effects
A: no striking features
a: no special abilities


You were on level 2 of the Dungeon.
You visited 1 branch of the dungeon, and saw 3 of its levels.

You collected 138 gold pieces.

Inventory:

Armour
 b - a +0 robe (worn)
 d - a +0 leather armour
Magical Staves
 a - a staff of fire (weapon)
Jewellery
 e - a ring of flight
Scrolls
 f - a scroll of identify


   Skills:
 - Level 3.3 Fighting
 + Level 0.1 Staves
 - Level 3.0 Throwing
 - Level 1.0 Armour
 - Level 2.0 Dodging
 - Level 1.0 Spellcasting
 - Level 2.0 Conjurations
 + Level 1.3 Fire Magic
 - Level 1.0 Ice Magic
 + Level 0.0 Evocations


You had 3 spell levels left.
You knew the following spells:

 Your Spells              Type           Power      Damage    Failure   Level
z - Scorch                Fire           14%        2d6       21%         2

Your spell library contained the following spells:

 Spells                   Type           Power      Damage    Failure   Level
 Foxfire                  Conj/Fire      36%        2x1d5     12%         1
 Freeze                   Ice            16%        1d4       16%         1
 Conjure Flame            Conj/Fire      9%         6-21      34%         3
 Ozocubu's Armour         Ice            4%         N/A       41%         3
 Inner Flame              Hex/Fire       4%         N/A       47%         3
 Flame Wave               Conj/Fire      9%         2d5       75%         4
 Fulminant Prism          Conj/Hex       2%         3d6       83%         4
 Summon Cactus Giant      Summ           0%         N/A       100%        6


Dungeon Overview and Level Annotations

Branches:
Dungeon (3/15)

Altars:

Annotations:
D:3 Jessica


Message History

You feel a surge of power!
Flames lash the orc.
The orc is heavily wounded.
The orc's fire resistance burns away.
The orc hits you with a +0 falchion.
* * * LOW HITPOINT WARNING * * *
You don't have enough magic to cast this spell.
You don't have enough magic to cast this spell.
You aren't carrying any potions.
Okay, then.
The orc is no longer more vulnerable to fire.
Casting: Scorch (safe; 21% risk of failure)
Press: ? - help, Q - select action Dir - look around, f - activate You feel a surge of power!
Flames lash the orc.
The orc is almost dead.
The orc's fire resistance burns away.
The orc barely misses you.
You closely miss the orc.
The orc is almost dead.
The orc hits you with a +0 falchion.
* * * LOW HITPOINT WARNING * * *
You barely miss the orc.
The orc is almost dead.
The orc is no longer more vulnerable to fire.
The orc misses you.
You barely miss the orc.
The orc is almost dead.
The orc hits you with a +0 falchion.
* * * LOW HITPOINT WARNING * * *
The orc hits you but does no damage.
You barely miss the orc.
The orc is almost dead.
The orc closely misses you.
You closely miss the orc.
The orc is almost dead.
The orc hits you with a +0 falchion.
* * * LOW HITPOINT WARNING * * *
You barely miss the orc.
The orc is almost dead.
The orc hits you with a +0 falchion.
You die...

### ### ########.#
#<# #........# #.#
#.######.# #.#
#.####.#.# #.#
#......#.# #.####
########.#.###.##..
#.@o..(........##..
#.######>..........
#.# #.#..#..###.
#.# #.........'.
#.# #.#.[#..###.
#.######+#..#..# #.
#.##........#..# #.
#.##........#..# #.
#.##...)....#..# #.


You could see an orc.

Vanquished Creatures
  An adder (D:2)
  An orc (D:2)
  A bat (D:2)
  7 endoplasms
  3 giant cockroaches
  6 goblins
  14 hobgoblins
  2 jackals (D:3)
  A quokka (D:2)
  3 ball pythons
  4 frilled lizards
  3 kobolds
  6 rats
52 creatures vanquished.

Notes
Turn   | Place    | Note
-------+----------+-------------------------------------------
     0 | D:1      | Armakuni the Human Wanderer began the quest for the Orb.
     0 | D:1      | Armakuni set off with the following items: a +0 dagger, 13
                  | poisoned darts, a +0 robe; and the following spells
                  | available to memorise: Foxfire, Freeze, Conjure Flame,
                  | Ozocubu's Armour, Fulminant Prism
     0 | D:1      | Reached XP level 1. HP: 13/13 MP: 2/2
   193 | D:1      | Reached skill level 1 in Fighting
   207 | D:1      | Reached XP level 2. HP: 16/21 MP: 3/3
  1054 | D:1      | Reached XP level 3. HP: 25/28 MP: 4/4
  2303 | D:3      | Noticed Jessica
  2513 | D:2      | Reached XP level 4. HP: 30/35 MP: 5/5
  2644 | D:2      | Learned a level 2 spell: Scorch
  2885 | D:2      | Reached skill level 1 in Fire Magic
  3714 | D:2      | HP: 1/35 [orc (1)]
  3717 | D:2      | Slain by an orc

Illustrated notes

Levels and vault maps discovered:
D:1:      onia_arrival_pentagram, layout_basic, minivault_25,
          minmay_curled_crystal, item_on_display_a
D:2:      cheibrodos_greedy_goblins, layout_basic
D:3:      layout_rooms, mainiacjoe_overflow_chevrons,
          chequers_ecumenical_altar_twisty, gammafunk_ghost_smash,
          hangedman_decor_push, serial_park_tiny_2, serial_park_tiny_pond,
          minivault_4, uniq_ijyb, uniq_jessica, uniq_sigmund, uniq_grinder

Skill      XL: |  1  2  3  4 |
---------------+-------------+-----
Fighting       | 1 2 3 |  3.3
Fire Magic     | 1 |  1.3
Staves         | |  0.1
Throwing       | |  3.0
Armour         | |  1.0
Dodging        | |  2.0
Spellcasting   | |  1.0
Conjurations   | |  2.0
Ice Magic      | |  1.0

Action                   |  1- 3 |  4- 6 || total
-------------------------+-------+-------++-------
Melee: Dagger            |    81 |    57 ||   138
       Punch             |     1 |     2 ||     3
       Staff             |       |    40 ||    40
Throw: Dart              |    83 |    13 ||    96
 Cast: Scorch            |       |     5 ||     5
  Use: Scroll            |     1 |     1 ||     2
 Stab: Sleeping          |     1 |     1 ||     2
Armor: Robe              |    11 |    16 ||    27
Dodge: Dodged            |    50 |    81 ||   131

Table legend: (Time is in decaauts)
 A = Elapsed time spent in this place.
 B = Non-inter-level travel time spent in this place.
 C = Inter-level travel time spent in this place.
 D = Time resting spent in this place.
 E = Time spent auto-exploring this place.
 F = Levels seen in this place.
 G = Mean time per level.
                   A        B        C        D        E       F      G
               +--------+--------+--------+--------+--------+-----+--------+
         Total |   3711 |   3590 |    121 |    993 |   1784 |   3 | 1237.0 |
       Dungeon |   3711 |   3590 |    121 |    993 |   1784 |   3 | 1237.0 |
               +--------+--------+--------+--------+--------+-----+--------+

Top non-repeatable levels by time:
     D:2: 2172 daAuts
     D:1: 1294 daAuts
     D:3: 244 daAuts
